[Event "*** SCC Grand Prix: Titled Tuesday Blitz"]
[Site "Chess.com"]
[Date "2020.08.11"]
[Round "2"]
[White "Heineccius"]
[Black "gagtemp"]
[Result "1-0"]
[WhiteElo "2614"]
[BlackElo "1966"]
[TimeControl "180+1"]
[EndTime "10:18:40 PDT"]
[Termination "Heineccius won by resignation"]

1. d4 d5 2. c4 e6 3. Nc3 c5 4. cxd5 exd5 5. Nf3 Nc6 6. g3 Nf6 7. Bg2 Be7 8. O-O O-O 9. dxc5 Bxc5 10. Na4 Be7 11. Be3 Re8 12. Rc1 Bg4 13. Bc5 Qd7 14. Re1 Rac8 15. Nd4 Bd8 16. Nxc6 bxc6 17. Bd4 Bh3 18.
Nc5 Qf5 19. Nd3 Ne4 20. f3 Nd6 21. g4 Bxg4 22. fxg4 Qxg4 23. e3 Qg5 24. Kh1 Bb6 25.
Nc5 Bxc5 26. Bxc5 Ne4 27. Qf3 f5 28. b4 g6 29. Bd4 Nd6 30. Rg1 Qh6 31. Bf1 Ne4 32.
Qxf5 Rf8 33. Qe6+ Rf7 34. Qxc8+ 1-0

[Event "*** SCC Grand Prix: Titled Tuesday Blitz"]
[Site "Chess.com"]
[Date "2020.08.11"]
[Round "2"]
[White "pfalcon1949"]
[Black "pooh2012"]
[Result "0-1"]
[WhiteElo "1965"]
[BlackElo "2355"]
[TimeControl "180+1"]
[EndTime "10:18:40 PDT"]
[Termination "pooh2012 won by resignation"]

1. d4 d5 2. c4 dxc4 3. e4 e5 4.
Nf3 exd4 5. Bxc4 Nc6 6. Qb3 Bb4+ 7. Bd2 Bxd2+ 8. Nbxd2 Nh6 9. e5 O-O 10. O-O Na5 11.
Qc2 Nxc4 12. Qxc4 d3 13. Ne4 Be6 14. Qc3 Bg4 15. Rad1 Bxf3 16. gxf3 Qe7 17. Rxd3 Rad8 18. Rfd1 Rxd3 19. Rxd3 Rd8 20. f4 Rxd3 21. Qxd3 Nf5 22.
Nf6+ gxf6 23. Qxf5 fxe5 24. fxe5 Qe6 25. Qg5+ Qg6 26. h4 h6 27. Qxg6+ fxg6 28. f4 Kf7 29. Kf2 Ke6 30. Kf3 Kf5 31. b4 c6 32. a4 b6 33. Ke3 g5 34. hxg5 hxg5 35. fxg5 Kxe5 36. g6 Kf6 37. g7 Kxg7 38. Kd4 Kf6 39. a5 Ke6 40.
axb6 axb6 41. Kc4 Ke5 42. Kd3 Kd5 43. Kc3 Ke4 44. Kc4 Ke5 45. Kc3 Kd5 46. Kd3 b5 47.
Kc3 Ke4 48. Kb3 Kd4 49. Kb2 Kc4 50. Ka3 Kc3 51. Ka2 Kxb4 52. Kb2 c5 53. Kc2 Ka3 0-1

[Event "*** SCC Grand Prix: Titled Tuesday Blitz"]
[Site "Chess.com"]
[Date "2020.08.11"]
[Round "2"]
[White "aa175"]
[Black "johnathan113"]
[Result "1-0"]
[WhiteElo "2487"]
[BlackElo "2690"]
[TimeControl "180+1"]
[EndTime "10:18:43 PDT"]
[Termination "aa175 won on time"]

1. d4 Nf6 2. Bf4 g6 3. e3 Bg7 4. Nf3 O-O 5. Be2 d6 6. O-O c5 7. c3 Nc6 8. Nbd2 cxd4 9. exd4 Nd5 10. Bg3 e5 11. dxe5 dxe5 12. Nc4 Re8 13. Re1 f6 14. Qb3 Nce7 15. Rad1 Be6 16. Ne3 Qb6 17. Bc4 Qxb3 18. axb3 Rad8 19. Rd2 Bh6 20. Red1 Bxe3 21. fxe3 e4 22. Nd4 Bf7 23. Nb5 a6 24. Nd6 Rxd6 25. Bxd6 Nxe3 26. Bxf7+ Kxf7 27. Re1 N7f5 28. Bc5 Ng4 29. Rd7+ Kg8 30. h3 Ne5 31. Rxe4 Rc8 32. b4 Nxd7 33. Rd4 1-0

[Event "*** SCC Grand Prix: Titled Tuesday Blitz"]
[Site "Chess.com"]
[Date "2020.08.11"]
[Round "2"]
[White "Xeniya2005"]
[Black "Ariadna_Atreides"]
[Result "1-0"]
[WhiteElo "2364"]
[BlackElo "2030"]
[TimeControl "180+1"]
[EndTime "10:18:44 PDT"]
[Termination "Xeniya2005 won by resignation"]

1. e4 c5 2. Be2 Nc6 3. f4 d6 4. Nf3 g6 5. O-O Bg7 6. c3 Bg4 7. d3 e6 8. Be3 Nge7 9. Nbd2 O-O 10. h3 Bxf3 11. Nxf3 f5 12. Qc2 b6 13. Rad1 Qc8 14. Kh2 e5 15. Ng5 h6 16. Qb3+ Kh8 17. Nf7+ Kh7 18.
Nxd6 Qd7 19. Nc4 exf4 20. Bxf4 g5 21. Bc1 f4 22. Bg4 Qc7 23. Bf3 Ng6 24. Rde1 Nge5 25. Nxe5 Nxe5 26. Qc2 Rad8 27. Rd1 Rd7 28. Kh1 Rfd8 29.
Be2 Ng6 30. a3 Qc6 31. b3 Nh4 32. Bb2 b5 33. Rc1 Re8 34. c4 Bxb2 35. Qxb2 bxc4 36. bxc4 Rb7 37. Qc3 Reb8 38. Bg4 Rb2 39. Rg1 Qf6 40.
Qxf6 1-0

[Event "*** SCC Grand Prix: Titled Tuesday Blitz"]
[Site "Chess.com"]
[Date "2020.08.11"]
[Round "2"]
[White "XxPetroffsxX"]
[Black "kasparicy"]
[Result "1/2-1/2"]
[WhiteElo "2011"]
[BlackElo "2355"]
[TimeControl "180+1"]
[EndTime "10:18:44 PDT"]
[Termination "Game drawn by repetition"]

1. e4 c5 2. Nf3 d6 3. d4 cxd4 4.
Nxd4 Nf6 5. Nc3 a6 6. h3 e6 7. g4 b5 8. Bg2 Bb7 9. a3 h6 10. O-O Be7 11. Be3 Nbd7 12. f4 Rc8 13. Nde2 Nc5 14. Ng3 Qc7 15. Rc1 Rd8 16. Qe2 d5 17.
exd5 Nxd5 18. Nxd5 Bxd5 19. Bxd5 Rxd5 20. c4 bxc4 21. Rxc4 Qd7 22. f5 O-O 23. f6 Bd6 24. Nh5 Rxh5 25. gxh5 e5 26. Bxc5 Bxc5+ 27. Rxc5 Qxh3 28.
Qg2 Qe3+ 29. Kh1 g5 30. hxg6 Qxc5 31. gxf7+ Kxf7 32. Qb7+ Ke6 33. Qxa6+ Kf7 34. Qb7+ Ke6 35. Qa6+ Kf7 36. Qb7+ Ke6 37. Qa6+ 1/2-1/2

[Event "*** SCC Grand Prix: Titled Tuesday Blitz"]
[Site "Chess.com"]
[Date "2020.08.11"]
[Round "2"]
[White "praveenb2002"]
[Black "AldokhinIvan"]
[Result "0-1"]
[WhiteElo "2755"]
[BlackElo "2527"]
[TimeControl "180+1"]
[EndTime "10:18:45 PDT"]
[Termination "AldokhinIvan won by checkmate"]

1. d4 Nf6 2. c4 g6 3. Nc3 Bg7 4. e4 d6 5. h3 O-O 6. Be3 Nc6 7. d5 Nb4 8. a3 Na6 9. Bd3 Re8 10.
Nge2 e6 11. O-O exd5 12. cxd5 Nc5 13. Bxc5 dxc5 14. f4 a6 15. Bc2 Nd7 16. e5 Nb6 17. Ng3 Nc4 18. b3 Ne3 19. Qd2 Nxf1 20. Rxf1 b5 21. Nce4 Bb7 22. Rd1 Qh4 23. Qf2 Rad8 24. d6 Bxe4 25. Nxe4 Qxf2+ 26. Kxf2 cxd6 27. Nxd6 Re7 28. g4 f6 29. exf6 Bxf6 30. Nf5 Red7 31. Rxd7 Rxd7 32. Ne3 Rd2+ 33. Kf3 Bd4 34. Be4 Kg7 35. f5 Rb2 36. Bd5 Kf6 37. fxg6 hxg6 38. Ng2 g5 39. h4 Rc2 40. hxg5+ Kxg5 41. Ne1 Rc3+ 42. Ke4 Re3# 0-1

[Event "*** SCC Grand Prix: Titled Tuesday Blitz"]
[Site "Chess.com"]
[Date "2020.08.11"]
[Round "2"]
[White "slavenok"]
[Black "Chesswizard_2007"]
[Result "0-1"]
[WhiteElo "2725"]
[BlackElo "2510"]
[TimeControl "180+1"]
[EndTime "10:18:45 PDT"]
[Termination "Chesswizard_2007 won by resignation"]

1. e4 e5 2. d4 exd4 3. Nf3 Nc6 4.
Bc4 Nf6 5. Qe2 d6 6. h3 Be7 7. O-O O-O 8. Rd1 Ne5 9. Rxd4 Nxc4 10. Rxc4 Nd7 11. Rd4 Bf6 12. Rd1 Qe7 13. Nc3 Ne5 14.
Nd5 Qd8 15. Nxe5 Bxe5 16. c3 c6 17. Ne3 Be6 18. Ng4 Qe7 19. f4 Bf6 20. Nh2 b5 21.
Be3 Bc4 22. Qf3 a5 23. Ng4 a4 24. Nxf6+ Qxf6 25. Bd4 Qe7 26. Re1 f6 27. Qg3 Qf7 28. a3 Rae8 29. Re3 c5 30. Rd1 Bb3 31. Rd2 cxd4 32. Rxd4 f5 33. Rxd6 Rxe4 34. Red3 Bc4 35.
Rd2 Rfe8 36. Rd7 R4e7 37. R7d6 Re1+ 38. Kh2 R1e6 39. Rxe6 Qxe6 40. Qg5 Qf6 41. Qg3 h6 42. Qf2 Kh7 43. Qg3 Qg6 44. Qf2 Re4 45. Qh4 Re2 46.
Rxe2 Bxe2 47. Qd8 Bc4 48. Qd7 Qe6 49. Qd2 Qe4 50. Qd6 Bd5 0-1

[Event "*** SCC Grand Prix: Titled Tuesday Blitz"]
[Site "Chess.com"]
[Date "2020.08.11"]
[Round "2"]
[White "LubovMarkelova"]
[Black "chargemax23"]
[Result "0-1"]
[WhiteElo "2289"]
[BlackElo "2648"]
[TimeControl "180+1"]
[EndTime "10:18:45 PDT"]
[Termination "chargemax23 won by resignation"]

1. d4 Nf6 2. Nf3 d6 3. g3 Nbd7 4. Bg2 e5 5. O-O c6 6. Nc3 e4 7. Nd2 d5 8. f3 exf3 9. exf3 Be7 10. Re1 O-O 11. f4 Re8 12. Nf3 Nf8 13. Ne5 h5 14.
h3 Qb6 15. Kh2 Ne6 16. Ne2 Ne4 17. Bxe4 dxe4 18. c3 h4 19. g4 Nf8 20. f5 Bd6 21. Bf4 Qxb2 22. Rb1 Qxa2 23. Ra1 Qb2 24. Rb1 Qa2 25.
Kh1 e3 26. Ra1 Qd5+ 27. Kg1 f6 28. c4 Qe4 29. Ng6 Bxf4 30. Ngxf4 c5 31. d5 Bd7 32. Ne6 Qf3 33. N2f4 Qg3+ 34. Kh1 Bxe6 35. Nxe6 Qxh3+ 36. Kg1 Qg3+ 37. Kh1 Nxe6 38. fxe6 Rad8 39. Qe2 b5 40. Rxa7 bxc4 41. Qxc4 Qxe1+ 42. Kh2 Qf2+ 43. Kh1 e2 0-1

[Event "*** SCC Grand Prix: Titled Tuesday Blitz"]
[Site "Chess.com"]
[Date "2020.08.11"]
[Round "2"]
[White "Zarikovs1999"]
[Black "esrosenberg"]
[Result "0-1"]
[WhiteElo "2388"]
[BlackElo "2166"]
[TimeControl "180+1"]
[EndTime "10:18:45 PDT"]
[Termination "esrosenberg won by checkmate"]

1. e4 e5 2. Nf3 Nc6 3. Bb5 a6 4. Ba4 Nf6 5. O-O Be7 6. Re1 b5 7. Bb3 O-O 8. c3 d5 9. exd5 Nxd5 10. Nxe5 Nxe5 11. Rxe5 c6 12. d4 Bd6 13. Re1 Qh4 14.
g3 Qh3 15. Be3 Ra7 16. Nd2 Bg4 17. Qc2 Re7 18. Qd3 Rfe8 19. Bxd5 cxd5 20. a4 f5 21. f4 Bxf4 22. gxf4 Rxe3 23. Rxe3 Rxe3 24. Qf1 b4 25. cxb4 Qh4 26. Qg2 h5 27. Qxd5+ Kh7 28. Nf1 Re2 29. Qh1 Qf2# 0-1

[Event "*** SCC Grand Prix: Titled Tuesday Blitz"]
[Site "Chess.com"]
[Date "2020.08.11"]
[Round "2"]
[White "zajka-molotok"]
[Black "MestreSoares"]
[Result "1-0"]
[WhiteElo "2404"]
[BlackElo "2149"]
[TimeControl "180+1"]
[EndTime "10:18:45 PDT"]
[Termination "zajka-molotok won by resignation"]

1. c4 Nf6 2. Nc3 g6 3. e4 d6 4. f4 Bg7 5. Nf3 O-O 6. g3 c5 7.
Bg2 Nc6 8. O-O Bg4 9. d3 Nd4 10. Be3 e5 11. Qd2 Nxf3+ 12. Bxf3 Bxf3 13. Rxf3 Ng4 14. f5 Nxe3 15. Qxe3 g5 16. Raf1 f6 17. g4 Qe8 18. h4 h6 19. Rh3 Kf7 20. Kg2 Rh8 21.
Rfh1 Qd7 22. Qg3 Rag8 23. hxg5 hxg5 24. Rh5 Rxh5 25. Rxh5 Rh8 26. Qh3 Qe8 27. Nd5 Qg8 28. Nc7 a6 29. Ne6 b5 30. Rxh8 Qxh8 31. Qxh8 Bxh8 32.
Nc7 bxc4 33. dxc4 a5 34. Kf3 Bg7 35. Ke3 Bf8 36. Kd3 Be7 37. Kc2 Bd8 38. Nb5 Ke7 39. Kb3 Kd7 40. Ka4 Kc6 41. Nc3 Kb6 42. b3 Kc6 43. Nd5 Kb7 44. Kb5 Ka7 45. Kc6 Ka6 46. Kxd6 a4 47. Kd7 1-0

[Event "*** SCC Grand Prix: Titled Tuesday Blitz"]
[Site "Chess.com"]
[Date "2020.08.11"]
[Round "2"]
[White "ural58"]
[Black "Kobalia"]
[Result "0-1"]
[WhiteElo "2514"]
[BlackElo "2794"]
[TimeControl "180+1"]
[EndTime "10:18:46 PDT"]
[Termination "Kobalia won on time"]

1. e4 c6 2. b3 d5 3. Qe2 dxe4 4. Nc3 Nf6 5. Nxe4 Nxe4 6. Qxe4 Qd5 7. Qe3 Bf5 8. Bb2 a5 9. c4 Qe6 10. Qxe6 Bxe6 11. a4 Na6 12. Nf3 Nc5 13. Nd4 Bg4 14. f3 Bh5 15. Ba3 e5 16. Bxc5 Bxc5 17. Nf5 O-O 18. O-O-O Rad8 19. Ng3 Bg6 20. Ne4 Ba3+ 21. Kb1 f5 22. Ng3 e4 23. Ka2 Bb4 24. d4 Rfe8 25. c5 e3 26. Bc4+ Kf8 27. Ne2 Bf7 28. Rd3 Bxc4 29. bxc4 Bxc5 30. Rb1 Bb4 31. Rbb3 f4 32. g3 g5 33. gxf4 gxf4 34. Rb2 Rd6 35. Nxf4 Rf6 36. Ne2 Rxf3 37. d5 cxd5 38. cxd5 Rd8 39. Kb3 Bd2 40. Kc4 Rf2 41. Ng3 Rd7 42. Ne4 Rf4 43.
Kd4 e2 0-1

[Event "*** SCC Grand Prix: Titled Tuesday Blitz"]
[Site "Chess.com"]
[Date "2020.08.11"]
[Round "2"]
[White "belisarius64"]
[Black "mbachez"]
[Result "1-0"]
[WhiteElo "2720"]
[BlackElo "2476"]
[TimeControl "180+1"]
[EndTime "10:18:47 PDT"]
[Termination "belisarius64 won by resignation"]

1. e4 c6 2. Nf3 d5 3. d3 g6 4.
Nbd2 Bg7 5. Be2 e5 6. O-O Ne7 7. Re1 O-O 8. Bf1 Re8 9. exd5 Nxd5 10. Nc4 f6 11. c3 Bf5 12. a4 Na6 13. g3 Nc5 14. d4 exd4 15. Rxe8+ Qxe8 16. Nd6 Qd7 17. Nxf5 Qxf5 18. Nxd4 Qd7 19. Bg2 Re8 20. a5 f5 21.
a6 Bxd4 22. Qxd4 Nb3 23. Qxa7 Nxa1 24. axb7 Qc7 25. Bxd5+ cxd5 26. Bf4 Qe7 27. b8=Q Qe1+ 28. Kg2 Qe4+ 29. Kh3 Rxb8 30. Qxb8+ Kf7 31. Qa7+ Kf6 32.
Qxa1 g5 33. Qa6+ Kf7 34. Qb7+ Kg6 35. Qb4 g4+ 36. Kh4 Qe6 37. Qd6 Qxd6 38. Bxd6 d4 39. cxd4 1-0

[Event "*** SCC Grand Prix: Titled Tuesday Blitz"]
[Site "Chess.com"]
[Date "2020.08.11"]
[Round "2"]
[White "lucasmito"]
[Black "penguingm1"]
[Result "0-1"]
[WhiteElo "2601"]
[BlackElo "3002"]
[TimeControl "180+1"]
[EndTime "10:18:48 PDT"]
[Termination "penguingm1 won on time"]

1. e4 e5 2. Nf3 Nc6 3. Bb5 g6 4. Nc3 Bg7 5. d3 d6 6. Be3 Nf6 7. h3 a6 8. Ba4 b5 9. Bb3 Na5 10. Qd2 h6 11. Nd5 Nxb3 12. Nxf6+ Qxf6 13. axb3 Bb7 14. O-O Kf8 15. c4 Kg8 16. Rfc1 c6 17. Qa5 Qe7 18. b4 Qd7 19. b3 Kh7 20. Qa2 f5 21. exf5 gxf5 22. Rab1 Rhg8 23. Kh1 Bf6 24. Qc2 Rg6 25.
Ne1 Rag8 26. Qe2 f4 27. Bd2 c5 28. f3 cxb4 29. Bxb4 Qf5 30. Rc2 Bh4 31. Rbb2 Bxe1 32.
Qxe1 Bxf3 0-1

[Event "*** SCC Grand Prix: Titled Tuesday Blitz"]
[Site "Chess.com"]
[Date "2020.08.11"]
[Round "2"]
[White "Fins0905"]
[Black "Khazieva_Elza"]
[Result "0-1"]
[WhiteElo "2634"]
[BlackElo "2329"]
[TimeControl "180+1"]
[EndTime "10:18:48 PDT"]
[Termination "Khazieva_Elza won on time"]

1. e4 c5 2. Nf3 d6 3. d4 cxd4 4. Nxd4 Nf6 5. Nc3 Nc6 6. Bg5 e6 7. Qd2 Be7 8. O-O-O O-O 9. f4 h6 10. Bxf6 Bxf6 11. Nb3 e5 12. g3 Bg4 13. Be2 Bxe2 14.
Nxe2 Be7 15. Nc3 a5 16. a4 Nb4 17. Nd5 Nxd5 18. Qxd5 Qc7 19. Kb1 Rac8 20. c3 b6 21.
Rhe1 Rfd8 22. Kc2 Qd7 23. Qb5 Qg4 24. Qe2 Qd7 25. Qb5 Qg4 26. Rf1 exf4 27. Rxf4 Qh3 28. Qe2 Bf6 29. Rdf1 Re8 30. R1f2 d5 31. Nd2 Qd7 0-1

[Event "*** SCC Grand Prix: Titled Tuesday Blitz"]
[Site "Chess.com"]
[Date "2020.08.11"]
[Round "2"]
[White "MasterKroket"]
[Black "bugbug01052018"]
[Result "1-0"]
[WhiteElo "2407"]
[BlackElo "2175"]
[TimeControl "180+1"]
[EndTime "10:18:48 PDT"]
[Termination "MasterKroket won by resignation"]

1. d4 Nf6 2. c4 e6 3. Nf3 b6 4. Nc3 Bb7 5. Bg5 Be7 6. e3 O-O 7. Bd3 c5 8. O-O d6 9. d5 Nbd7 10. dxe6 fxe6 11. Bc2 h6 12. Bf4 e5 13. Bg3 a6 14.
Nh4 Rf7 15. Nf5 Nf8 16. Qd2 Qd7 17. Rad1 Rd8 18. f4 e4 19. Nxe7+ Qxe7 20. f5 d5 21. cxd5 Nxd5 22. Nxe4 Re8 23. Nd6 Qxe3+ 24. Qxe3 Nxe3 25. Rfe1 Rfe7 26. Nxe8 Rxe8 27. Bf2 Nxd1 28. Rxe8 Nxf2 29. Kxf2 Kf7 30. Rb8 Bd5 31. Rxb6 Nd7 32. Rd6 Nf6 33. Rxa6 Ng4+ 34. Kg3 Ne3 35. Bd3 c4 36. Bb1 Nd1 37. Rd6 Ne3 38. Kf2 Ng4+ 39. Kg1 Ne3 40. a4 Bb7 41. a5 1-0

[Event "*** SCC Grand Prix: Titled Tuesday Blitz"]
[Site "Chess.com"]
[Date "2020.08.11"]
[Round "2"]
[White "GMKrikor"]
[Black "Thipsay"]
[Result "1-0"]
[WhiteElo "2730"]
[BlackElo "2490"]
[TimeControl "180+1"]
[EndTime "10:18:49 PDT"]
[Termination "GMKrikor won by resignation"]

1. e4 e5 2. Bc4 Nf6 3. d3 Nc6 4. Nc3 Bb4 5. Ne2 d5 6. exd5 Nxd5 7. O-O Nxc3 8. bxc3 Bd6 9. Ng3 O-O 10. Qh5 Na5 11.
Bb3 Nxb3 12. axb3 f5 13. c4 b6 14. Bb2 Qe8 15. Qf3 Bd7 16. Rfe1 Bc6 17. Qe2 f4 18. Ne4 f3 19. gxf3 Qh5 20. Kh1 Rxf3 21. Rg1 Bxe4 22. Qxe4 Raf8 23. Rg2 Rxf2 24. Rag1 Rxg2 25.
Qxg2 g6 26. d4 e4 27. c5 bxc5 28. dxc5 Bxc5 29. Qxe4 Qf3+ 30. Qxf3 Rxf3 31. Rd1 Rf2 32. Rd8+ Kf7 33. Rd7+ Ke6 34. Rxc7 Rxc2 35. Bd4 Rc1+ 36.
Kg2 Ba3 37. Rxc1 Bxc1 38. Bxa7 Kd5 39. Kf3 h5 40. Be3 Bxe3 41. Kxe3 g5 42. Kf3 Kc5 43. Ke4 g4 44. Kf4 Kb4 45. Kg5 Kxb3 46. Kxh5 Kc4 47. Kxg4 Kd5 48. Kf5 Kd6 49. Kf6 Kd7 50.
h4 Ke8 51. Kg7 1-0

[Event "*** SCC Grand Prix: Titled Tuesday Blitz"]
[Site "Chess.com"]
[Date "2020.08.11"]
[Round "2"]
[White "ENEASZ"]
[Black "BjarkeSahl"]
[Result "1-0"]
[WhiteElo "2582"]
[BlackElo "2285"]
[TimeControl "180+1"]
[EndTime "10:18:50 PDT"]
[Termination "ENEASZ won by resignation"]

1. e4 e5 2. Nf3 Nc6 3. Bc4 Bc5 4. c3 d6 5. d4 exd4 6. cxd4 Bb4+ 7. Nc3 Nf6 8. d5 Bxc3+ 9. bxc3 Ne7 10. Bd3 h6 11.
h3 Ng6 12. O-O O-O 13. Re1 Nd7 14. c4 b6 15. Bb2 Qe7 16. Nd4 Nde5 17. Bf1 Nf4 18.
Kh2 Qf6 19. Qd2 g5 20. g3 Nfg6 21. Bg2 Bd7 22. Rf1 Nxc4 23. Qc3 Nxb2 24. Qxb2 h5 25. Rac1 Rac8 26. Qd2 h4 27. gxh4 Nxh4 28. f4 Nxg2 29. Kxg2 Qg6 30. f5 Qf6 31. h4 gxh4 32. Kh3 Kh7 33.
Rf4 Rh8 34. Rg1 1-0

[Event "*** SCC Grand Prix: Titled Tuesday Blitz"]
[Site "Chess.com"]
[Date "2020.08.11"]
[Round "2"]
[White "Michaelson_11"]
[Black "ketster"]
[Result "0-1"]
[WhiteElo "2103"]
[BlackElo "2385"]
[TimeControl "180+1"]
[EndTime "10:18:50 PDT"]
[Termination "ketster won on time"]

1. e4 e5 2. Nf3 Nc6 3. Bc4 Nf6 4. d4 exd4 5. e5 d5 6. Bb5 Ne4 7. Nxd4 Bd7 8. Bxc6 bxc6 9. O-O Bc5 10. f3 Ng5 11. c3 O-O 12. f4 Ne4 13. f5 Re8 14.
Bf4 Bxf5 15. Nd2 Nxd2 16. Qxd2 Be4 17. Qf2 Qd7 18. Qg3 Re6 19. Qh3 Qe8 20. Kh1 Rg6 21. Rg1 Rb8 22. b3 a5 23. Rae1 Ba7 24. Re2 h6 25. Rd1 a4 26. b4 c5 27. bxc5 Bxc5 28. Nf5 Qe6 29. Rxe4 dxe4 30. Bg3 e3 31. Nd4 Qxh3 32.
gxh3 Rb2 33. Nf3 Rxa2 34. Rd8+ Kh7 35. Kg1 e2+ 36. Kh1 Rb6 0-1

[Event "*** SCC Grand Prix: Titled Tuesday Blitz"]
[Site "Chess.com"]
[Date "2020.08.11"]
[Round "2"]
[White "Mikhal867"]
[Black "talaicito"]
[Result "0-1"]
[WhiteElo "2363"]
[BlackElo "2106"]
[TimeControl "180+1"]
[EndTime "10:18:50 PDT"]
[Termination "talaicito won by resignation"]

1. c4 e6 2. g3 f5 3. b3 Nf6 4. Bb2 Be7 5. Bg2 O-O 6. Nf3 d6 7. d4 a5 8. O-O a4 9. d5 e5 10.
Ng5 Qe8 11. bxa4 Qxa4 12. Qb3 b6 13. Ne6 Bxe6 14. dxe6 Qxb3 15. axb3 Rxa1 16. Bxa1 Na6 17. Nc3 Nc5 18. b4 Nxe6 19. Nd5 Bd8 20. Bb2 Kf7 21. Ra1 e4 22. f3 exf3 23. Bxf3 Ne4 24. Ra7 Nd2 25.
Nxb6 Kg6 26. Bd5 Ng5 27. Na8 Re8 28. Nxc7 Rxe2 29. Ne6 Nxe6 30. b5 Bf6 31. Bxf6 Kxf6 32. b6 Nd4 33. b7 N4f3+ 34. Bxf3 Nxf3+ 35. Kf1 Rb2 36. Ra3 Nxh2+ 37. Kg1 Ng4 38. Kf1 Rxb7 0-1

[Event "*** SCC Grand Prix: Titled Tuesday Blitz"]
[Site "Chess.com"]
[Date "2020.08.11"]
[Round "2"]
[White "pheonixking2000"]
[Black "tvjosue"]
[Result "0-1"]
[WhiteElo "2734"]
[BlackElo "2516"]
[TimeControl "180+1"]
[EndTime "10:18:51 PDT"]
[Termination "tvjosue won by resignation"]

1. c4 c5 2. Nf3 Nc6 3. Nc3 Nf6 4.
d4 cxd4 5. Nxd4 g6 6. e4 Bg7 7.
Be3 O-O 8. Be2 d6 9. f3 Bd7 10. Qd2 Nxd4 11. Bxd4 a5 12. g4 Bc6 13. h4 h5 14. g5 Nd7 15. Rd1 a4 16. f4 Qa5 17.
O-O Bxd4+ 18. Qxd4 a3 19. b3 e5 20. Qe3 exf4 21.
Rxf4 Ne5 22. Rxd6 Rad8 23. Rff6 Rfe8 24. Qd4 Rxd6 25. Rxd6 Bxe4 26. b4 Qxb4 27. Rb6 Nc6 28. Qe3 Qe7 29. Bf1 Qd8 30. Rxb7 Bf5 31. Qf2 Ne5 32.
Nd5 Ng4 33. Qd4 Be4 34. Rb3 Bxd5 35. cxd5 Qd6 36. Qd2 Qc5+ 37. Kh1 Re5 38. Rd3 Nf2+ 39. Kg2 Nxd3 40. Qxd3 Rxd5 41. Qf3 Rf5 42. Qe2 Qd5+ 43. Kg1 Qc5+ 44. Kg2 Qc6+ 45. Kg1 Qd6 46. Qe3 Rf4 47. Qf3 Rxf3 0-1

[Event "*** SCC Grand Prix: Titled Tuesday Blitz"]
[Site "Chess.com"]
[Date "2020.08.11"]
[Round "2"]
[White "ftorodent"]
[Black "ItsCheckM8Mate"]
[Result "1-0"]
[WhiteElo "2654"]
[BlackElo "2318"]
[TimeControl "180+1"]
[EndTime "10:18:51 PDT"]
[Termination "ftorodent won by resignation"]

1. d4 Nf6 2. c4 c5 3. d5 b5 4.
cxb5 a6 5. bxa6 g6 6. Nc3 Bxa6 7. e4 Bxf1 8. Kxf1 d6 9. Nf3 Bg7 10. g3 O-O 11. Kg2 Nbd7 12. a4 Qb6 13. Re1 Rfb8 14. Nd2 Qa6 15. Ra3 Rb4 16. Nb5 Ne8 17. b3 Ne5 18.
Qe2 c4 19. bxc4 Rc8 20. Nd4 Nxc4 21. Nc6 Rxc6 22. dxc6 Qxc6 23. Nxc4 Rxc4 24. Bg5 f6 25. Bf4 Rxa4 26. Qa2+ Rc4 27. Rc3 d5 28. exd5 Qxd5+ 29. Kg1 Rd4 30. Qxd5+ Rxd5 31. Rxe7 Kf8 32. Rce3 Nd6 33.
Bxd6 Rd1+ 34. Kg2 Rxd6 35. Re8+ 1-0

[Event "*** SCC Grand Prix: Titled Tuesday Blitz"]
[Site "Chess.com"]
[Date "2020.08.11"]
[Round "2"]
[White "Matols"]
[Black "olksuna"]
[Result "0-1"]
[WhiteElo "2211"]
[BlackElo "2637"]
[TimeControl "180+1"]
[EndTime "10:18:51 PDT"]
[Termination "olksuna won on time"]

1. d4 Nf6 2. c4 e6 3. g3 d5 4. Nf3 c5 5. Bg2 cxd4 6. Nxd4 e5 7. Nf3 d4 8. O-O Nc6 9. e3 Be7 10. exd4 exd4 11. Re1 O-O 12. Bf4 Qb6 13. Qb3 Be6 14. Nbd2 Nh5 15. Bg5 Bb4 16. Rad1 h6 17. Bh4 g5 18.
Bxg5 hxg5 19. Nxg5 Bxd2 20. Qd3 Nf6 21. Rxd2 Nd8 22.
Qxd4 Qxd4 23. Rxd4 Rc8 24. b3 Rc5 25. Red1 Rxg5 26.
Rxd8 b6 27. Rxf8+ Kxf8 28. Rd8+ Kg7 29. Ra8 Re5 30. Kf1 Bf5 31. f4 Bd3+ 32. Kg1 Re2 33.
Rxa7 Ng4 34. Bd5 Ne3 35. Rxf7+ Kg6 36. Re7 Kf6 37. Re6+ Kf5 38. Rxb6 Ng4 0-1

[Event "*** SCC Grand Prix: Titled Tuesday Blitz"]
[Site "Chess.com"]
[Date "2020.08.11"]
[Round "2"]
[White "BilodeauA"]
[Black "GameOverBro"]
[Result "0-1"]
[WhiteElo "2884"]
[BlackElo "2462"]
[TimeControl "180+1"]
[EndTime "10:18:51 PDT"]
[Termination "GameOverBro won by checkmate"]

1. d4 d6 2. e4 Nf6 3. Nc3 e5 4. Nf3 Nbd7 5. Bc4 Be7 6. O-O h6 7. Re1 c6 8. a4 Qc7 9. b3 Nf8 10. Bb2 Ng6 11. Ne2 O-O 12. Ng3 Bg4 13. h3 Bd7 14. Nf5 Rfe8 15. dxe5 dxe5 16. Nh2 Bb4 17. c3 Bc5 18. Qf3 Nf4 19. Bc1 Bxf5 20. exf5 a6 21.
a5 Rad8 22. b4 Ba7 23. Ng4 Nxg4 24. Qxg4 Kh7 25. Be3 Bxe3 26. Rxe3 Rd2 27. Rae1 Nd5 28. Rg3 Rg8 29. Qe4 f6 30. Rd3 Rxd3 31. Qxd3 Rd8 32. Rd1 Qf7 33. g3 Qh5 34. Kh2 Nf4 35.
Bg8+ Kh8 36. g4 Rxd3 37. Rxd3 Qh4 38. Rd8 Qxh3+ 39. Kg1 Qg2# 0-1

[Event "*** SCC Grand Prix: Titled Tuesday Blitz"]
[Site "Chess.com"]
[Date "2020.08.11"]
[Round "2"]
[White "Angel_Hranitel_37"]
[Black "annamaja"]
[Result "1-0"]
[WhiteElo "2452"]
[BlackElo "2239"]
[TimeControl "180+1"]
[EndTime "10:18:51 PDT"]
[Termination "Angel_Hranitel_37 won by checkmate"]

1. d4 d5 2. c4 c6 3. cxd5 cxd5 4. Bg5 Nc6 5. Nc3 h6 6. Bh4 g5 7. Bg3 Nf6 8. e3 Bg7 9. Nf3 O-O 10. h4 g4 11. Ne5 Nxe5 12. Bxe5 Bf5 13. Qb3 e6 14.
Qxb7 Ne4 15. Bc7 Qc8 16. Ba6 Qd7 17. O-O Nxc3 18. bxc3 Qe7 19. Bg3 Qa3 20. Rfc1 Bf6 21. c4 dxc4 22. Bxc4 Rac8 23. Qb3 Qa5 24. Bd3 Bxd3 25.
Qxd3 Rxc1+ 26. Rxc1 Qxa2 27. Qe4 h5 28. Be5 Bxe5 29. Qxe5 Re8 30. Qxh5 Qe2 31. Qg5+ Kf8 32. Qh6+ Kg8 33. Rc5 Qe1+ 34. Kh2 e5 35. Qc6 Rf8 36.
Rxe5 Qxf2 37. Rg5+ Kh7 38. Qe4+ f5 39. Qe7+ Kh6 40.
Qg7# 1-0

[Event "*** SCC Grand Prix: Titled Tuesday Blitz"]
[Site "Chess.com"]
[Date "2020.08.11"]
[Round "2"]
[White "Msb2"]
[Black "Sekar24"]
[Result "1-0"]
[WhiteElo "2791"]
[BlackElo "2513"]
[TimeControl "180+1"]
[EndTime "10:18:54 PDT"]
[Termination "Msb2 won on time"]

1. d4 Nf6 2. c4 e6 3. Nc3 Bb4 4. e3 O-O 5. Bd2 d5 6. Nf3 b6 7. cxd5 exd5 8. Bd3 Bb7 9. O-O Bd6 10. Rc1 a6 11. Ne5 c5 12. f4 Nc6 13. Ng4 cxd4 14.
Nxf6+ Qxf6 15. Nxd5 Qd8 16. e4 Ne7 17. Nxe7+ Bxe7 18.
Qg4 Rc8 19. a3 a5 20. Qh3 Rxc1 21. Rxc1 g6 22. Qg4 Bc8 23. Qg3 Qd6 24. Qf3 Bb7 25. e5 Qd7 26. Qe2 Rc8 27. Rxc8+ Qxc8 28. f5 Qc6 29. e6 fxe6 30. fxg6 hxg6 31. Bxg6 Kg7 32. Bd3 Bf6 33. Qg4+ Kf8 34. Qg6 Ke7 35. Qh7+ Kf8 36.
Bh6+ Ke8 37. Qg8+ Kd7 38. h4 1-0

[Event "*** SCC Grand Prix: Titled Tuesday Blitz"]
[Site "Chess.com"]
[Date "2020.08.11"]
[Round "2"]
[White "yobdc"]
[Black "MikeSailer"]
[Result "1-0"]
[WhiteElo "2391"]
[BlackElo "2112"]
[TimeControl "180+1"]
[EndTime "10:18:54 PDT"]
[Termination "yobdc won on time"]

1. d4 d5 2. Bf4 Nf6 3. e3 Bg4 4. Nf3 e6 5. h3 Bh5 6. c4 Bb4+ 7.
Nc3 O-O 8. Qb3 Nc6 9. g4 Bg6 10. Ne5 Nxe5 11. Bxe5 a5 12. Bg2 Ne4 13. h4 f6 14. Bf4 c5 15. h5 Bf7 16. cxd5 exd5 17.
Qc2 cxd4 18. exd4 Rc8 19. Rh3 Re8 20. Kf1 Bxc3 21. bxc3 b5 22. Qb3 b4 23. cxb4 axb4 24. Qxb4 Rc2 25. Be3 Qc8 26. Kg1 Qxg4 27. Qa4 Rec8 28.
Rf1 Nd2 29. Bxd2 Rxd2 30. h6 gxh6 31. Rg3 Qxg3 32. fxg3 Rcc2 33. Bf3 Rh2 34. Qd7 1-0